Map: Dreamcatcher LE

Players

Clem

  • Race: Terran Terran
  • League: Grandmaster
  • Spawn Location: 11:00

RiSky - Winner!

  • Race: Zerg Zerg
  • League: Master
  • Spawn Location: 5:00

Event: HomeStory Cup XVII

VOD

Have the link to the VOD?

Description

Time

  • Played on: June 28, 2018, 12:28 p.m.
  • Length: 9:17

All games in this series

Show
View Real Time Build Order
Export as new Build Order

Clem Terran 

Build Orders: Gas First Reaper Expand, Reaper Expand, Hellion Banshee, MMM Bio 

Get SALT Encoding   

  12  0:00  SCV  
  13  0:12  SCV  
  14  0:17  Supply Depot  
  14  0:25  SCV  
  15  0:32  Refinery  
  15  0:38  SCV  
  16  0:43  Barracks  
  16  0:50  SCV  
  17  1:02  SCV  
  18  1:15  SCV  
  19  1:31  Orbital Command, Reaper  
  20  1:43  Command Center  
  20  1:55  Factory  
  20  1:58  SCV  
  21  2:04  Refinery  
  21  2:09  Barracks Reactor  
  21  2:11  SCV  
  22  2:17  Supply Depot  
  22  2:23  SCV  
  23  2:38  SCV  
  23  2:43  Starport  
  24  2:50  SCV  
  25  2:53  Hellion  
  25  2:54  Barracks Tech Lab  
  25  2:55  Hellion  
  29  3:01  Orbital Command  
  29  3:05  SCV  
  30  3:17  Hellion, SCV  
  35  3:20  Hellion  
  35  3:27  Cloaking Field, SCV  
  36  3:33  Banshee  
  39  3:37  Supply Depot  
  39  3:39  Barracks Tech Lab  
  39  3:40  SCV  
  40  3:43  SCV  
  40  3:46  Hellion  
  43  3:49  Hellion  
  43  3:53  SCV  
  46  3:59  SCV  
  46  4:00  Supply Depot  
  47  4:05  SCV  
  47  4:09  Stimpack  
  48  4:11  SCV  
  48  4:15  Banshee  
  52  4:17  Marine, SCV  
  52  4:21  Factory Reactor  
  52  4:23  SCV  
  52  4:24  Supply Depot  
  55  4:33  Command Center  
  55  4:36  SCV  
  55  4:37  Marine  
  57  4:45  Barracks  
  57  4:49  SCV  
  57  4:50  SCV  
  59  4:54  Marine  
  59  4:56  Barracks  
  60  5:02  SCV  
  61  5:09  SCV  
  61  5:12  Engineering Bay, Marine, Starport Reactor  
  63  5:14  Supply Depot, SCV  
  63  5:15  Engineering Bay  
  63  5:19  Refinery  
  63  5:20  Refinery  
  64  5:22  SCV  
  64  5:26  SCV  
  64  5:27  Siege Tank  
  68  5:30  Supply Depot, Marine  
  68  5:34  Supply Depot, SCV  
  70  5:35  Marine  
  70  5:38  Marine  
  70  5:39  SCV  
  73  5:46  SCV  
  73  5:47  Orbital Command  
  75  5:51  SCV  
  75  5:54  Marine x2  
  75  5:55  Medivac, Marine  
  75  5:56  Marine  
  82  5:58  Terran Infantry Weapons Level 1  
  82  5:59  Terran Infantry Armor Level 1  
  82  6:02  Medivac  
  83  6:07  Marine, SCV  
  83  6:08  SCV  
  86  6:12  Siege Tank  
  86  6:14  Marine x2  
  86  6:15  Marine  
  86  6:17  Marine  
  90  6:19  Orbital Command  
  90  6:21  SCV x2  
  90  6:24  Marine  
  93  6:32  Medivac, Marine  
  96  6:33  Combat Shields, SCV  
  96  6:35  SCV  
  96  6:37  Supply Depot  
  98  6:42  Barracks  
  98  6:44  Barracks  
  98  6:45  Marine x2, SCV  
  101  6:49  SCV x2  
  101  6:50  Marine  
  104  6:54  Armory  
  104  6:56  Marine  
  104  7:00  SCV  
  106  7:02  Marine  
  106  7:03  Marine  
  106  7:04  SCV x2  
  106  7:07  Siege Tank  
  106  7:08  Medivac, Marine x2  
  115  7:12  Supply Depot  
  117  7:22  Medivac, Marine  
  117  7:28  Supply Depot  
  117  7:29  Supply Depot x2, Bunker  
  117  7:33  Marine x2, SCV  
  117  7:34  SCV x2  
  117  7:35  Barracks Reactor x2  
  122  7:37  Marine  
  123  7:44  Marine x2  
  123  7:50  Siege Tank, SCV x3  
  131  7:51  Marine x2  
  131  7:53  Factory  
  131  7:54  Supply Depot  
  131  7:56  Refinery  
  131  7:57  Refinery  
  133  8:02  SCV x2  
  130  8:06  Marine x2  
  130  8:07  Marine  
  130  8:10  Marine  
  130  8:11  Marine x2, SCV  
  121  8:14  SCV  
  121  8:15  SCV  
  121  8:16  Marine  
  107  8:22  Siege Tank  
  107  8:24  SCV  
  107  8:26  Marine x2, SCV  
  107  8:27  Marine, SCV  
  113  8:28  Medivac  
  113  8:32  Medivac  
  114  8:36  SCV  
  114  8:40  Marine x5  
  114  8:41  Marine  
  112  8:52  Marine x2  
  112  8:54  Marine  
  116  8:58  Marine, Factory Tech Lab  
Show
View Real Time Build Order
Export as new Build Order

RiSky Zerg - Winner!

Build Orders: Hatch First 

Get SALT Encoding   

  12  0:00  Drone  
  13  0:11  Overlord  
  13  0:16  Drone  
  14  0:30  Drone x2  
  14  0:34  Drone  
  17  0:51  Hatchery  
  17  0:54  Drone  
  18  0:57  Drone  
  18  1:08  Extractor  
  17  1:12  Spawning Pool  
  17  1:15  Drone  
  17  1:18  Drone  
  18  1:27  Drone  
  19  1:37  Overlord  
  19  1:48  Drone  
  20  1:58  Queen  
  20  1:59  Zergling x2  
  23  2:02  Queen  
  23  2:03  Zergling x2  
  23  2:08  Metabolic Boost  
  26  2:11  Drone  
  26  2:14  Drone  
  28  2:21  Drone  
  29  2:31  Hatchery  
  29  2:36  Drone x2  
  30  2:43  Overlord  
  30  2:45  Drone  
  30  2:49  Drone  
  32  2:53  Queen  
  32  2:54  Drone  
  32  2:58  Drone  
  36  3:07  Drone  
  36  3:10  Drone x2  
  36  3:11  Overlord  
  36  3:12  Drone  
  40  3:15  Overlord  
  40  3:17  Drone  
  40  3:18  Drone  
  42  3:22  Zergling x4  
  44  3:30  Queen  
  44  3:33  Zergling x2  
  47  3:34  Queen  
  47  3:37  Drone  
  50  3:42  Overlord  
  50  3:44  Drone x2  
  52  3:50  Drone x2  
  52  3:51  Drone  
  52  3:54  Queen  
  57  3:55  Drone  
  57  3:56  Drone  
  57  4:00  Spore Crawler, Drone  
  59  4:04  Drone  
  59  4:05  Overlord  
  61  4:10  Drone x2  
  61  4:13  Zergling x2, Drone  
  64  4:18  Zergling x4  
  64  4:20  Lair  
  66  4:26  Drone  
  66  4:30  Drone x2  
  68  4:31  Spore Crawler  
  68  4:32  Spore Crawler  
  68  4:34  Drone  
  68  4:35  Queen  
  69  4:40  Overlord, Drone  
  69  4:42  Drone  
  71  4:45  Drone  
  71  4:46  Overlord  
  71  4:47  Drone  
  71  4:49  Drone  
  71  4:51  Drone  
  71  4:52  Extractor x2  
  73  4:54  Baneling Nest, Drone  
  73  4:55  Extractor  
  73  4:57  Drone x2  
  73  4:58  Drone  
  73  4:59  Drone  
  76  5:03  Roach Warren  
  76  5:05  Evolution Chamber x2  
  74  5:08  Drone x2  
  74  5:09  Drone  
  74  5:10  Overlord  
  74  5:12  Drone  
  78  5:16  Drone x2  
  78  5:17  Drone  
  78  5:20  Extractor  
  80  5:23  Drone x2, Extractor  
  80  5:25  Hatchery  
  80  5:28  Overseer  
  80  5:30  Drone x3  
  80  5:34  Drone x2  
  85  5:41  Overlord  
  85  5:42  Drone  
  85  5:44  Drone x2  
  85  5:48  Drone x4  
  85  5:49  Drone  
  88  5:57  Overlord, Glial Reconstitution  
  88  5:58  Zerg Missile Weapons Level 1  
  88  5:59  Zerg Ground Armor Level 1  
  88  6:03  Roach  
  88  6:04  Roach  
  92  6:08  Roach x2  
  96  6:12  Roach x2  
  96  6:14  Roach  
  96  6:17  Roach x2  
  106  6:22  Roach x3  
  112  6:26  Roach x2  
  112  6:28  Overlord  
  116  6:33  Overlord  
  116  6:36  Overlord  
  116  6:38  Overlord  
  116  6:39  Overlord  
  116  6:40  Overlord  
  116  6:48  Roach x5  
  116  6:51  Roach x2  
  116  6:53  Roach  
  132  6:56  Roach x2  
  132  7:00  Roach x3  
  142  7:03  Roach x2  
  142  7:05  Roach  
  148  7:10  Roach x2  
  148  7:14  Roach x2  
  148  7:15  Roach  
  158  7:17  Roach x2  
  158  7:22  Ravager x6  
  163  7:23  Ravager  
  163  7:25  Roach x2  
  163  7:29  Roach  
  166  7:33  Overlord  
  166  7:37  Overlord  
  166  7:40  Overlord  
  166  7:42  Overlord  
  166  7:49  Overlord  
  166  7:55  Roach x4  
  174  7:59  Roach x3  
  174  8:01  Roach  
  174  8:02  Roach x2  
  175  8:05  Roach  
  175  8:06  Roach x7  
  175  8:10  Roach  
  175  8:12  Roach  
  161  8:18  Roach x5  
  151  8:21  Roach  
  151  8:23  Roach  
  151  8:24  Roach  
  151  8:25  Roach  
  155  8:32  Roach x2  
  150  8:35  Roach  
  150  8:39  Roach x3  
  150  8:40  Ravager x3  
  150  8:41  Ravager x2  
  158  8:43  Ravager  
  158  8:46  Roach x2  
  159  8:50  Roach x2  
Tags
 
Add a new tag
Caveats
  • Supply blocks, unpowered buildings, or Contaminate may cause inaccurate times.
  • Supply counts are checked every 10 seconds.